 Dungeon Crawl Stone Soup version 0.28.0-53-g5a82cb258f (webtiles) character file.

Game seed: 13164504541132841824

244 moldycheese5 the Conjurer (level 5, 0/28 HPs)
             Began as a Deep Elf Conjurer on June 18, 2022.
             Slain by an iguana (11 damage)
             ... on level 4 of the Dungeon on June 20, 2022.
             The game lasted 00:03:55 (3477 turns).

moldycheese5 the Conjurer (Deep Elf Conjurer)       Turns: 3477, Time: 00:03:57

Health: 0/28       AC:  2    Str:  6    XL:     5   Next: 83%
Magic:  4/14       EV: 12    Int: 23    God:
Gold:   183        SH:  0    Dex: 13    Spells: 12/13 levels left

rFire   . . .      SeeInvis .   (no weapon)
rCold   . . .      Faith    .   (no shield)
rNeg    . . .      Spirit   .   a - +0 robe
rPois   .          Reflect  .   (no helmet)
rElec   .          Harm     .   (no cloak)
rCorr   .          Rampage  .   (no gloves)
Will    .....                   (no boots)
Stlth   ++........              (no amulet)
HPRegen 0.09/turn               (no ring)
MPRegen 0.14/turn               (no ring)

@: no status effects
A: no striking features
a: no special abilities


You were on level 4 of the Dungeon.
You visited 1 branch of the dungeon, and saw 4 of its levels.

You collected 183 gold pieces.

Inventory:

Armour
 a - a +0 robe (worn)
Jewellery
 m - an amulet of regeneration
Scrolls
 b - a scroll of amnesia {unknown}
 c - 4 scrolls of blinking {unknown}
 d - 2 scrolls of enchant weapon {unknown}
 h - 4 scrolls of teleportation {unknown}
 i - a scroll of holy word {unknown}
 k - a scroll of immolation {unknown}
 l - a scroll of identify {unknown}
 n - a scroll of noise {unknown}
Potions
 e - a potion of haste {unknown}
 f - a potion of mutation {unknown}
 g - a potion of invisibility {unknown}
 j - a potion of flight {unknown}


   Skills:
 + Level 0.3 Fighting
 + Level 2.7 Dodging
 + Level 3.4 Stealth
 + Level 4.8 Spellcasting
 + Level 6.6 Conjurations


You had 12 spell levels left.
You knew the following spells:

 Your Spells              Type           Power      Damage    Failure   Level
a - Magic Dart            Conj           100%       1d8       1%          1

Your spell library contained the following spells:

 Spells                   Type           Power      Damage    Failure   Level
 Searing Ray              Conj           72%        2d7       1%          2
 Dazzling Flash           Conj/Hex       40%        N/A       8%          3
 Fulminant Prism          Conj/Hex       10%        3d9       24%         4
 Iskenderun's Mystic Bla  Conj/Tloc      20%        2d6       24%         4
 Irradiate                Conj/Tmut      10%        3d16      56%         5
 Iron Shot                Conj/Erth      10%        9d3       98%         6
 Chain Lightning          Conj/Air       10%        3d13      100%        9


Dungeon Overview and Level Annotations

Branches:
Dungeon (4/15)
 Temple: D:4-7

Altars:
Elyvilon

Shops:
D:3 =


Message History

The magic dart hits the iguana but does no damage.
The iguana hisses angrily.
The iguana hisses menacingly.
The magic dart hits the iguana.
The iguana is moderately wounded.
The magic dart hits the iguana.
The iguana is heavily wounded.
The magic dart hits the iguana but does no damage.
The iguana is heavily wounded.
The magic dart hits the iguana but does no damage.
The iguana is heavily wounded.
The magic dart hits the iguana but does no damage.
The iguana is heavily wounded.
The magic dart hits the iguana.
The iguana is heavily wounded.
The iguana barely misses you.
The magic dart hits the iguana but does no damage.
The iguana is heavily wounded.
The iguana bites you!
The magic dart hits the iguana but does no damage.
The iguana is heavily wounded.
The iguana bites you.
You are too injured to fight recklessly!
You are too injured to fight recklessly!
You are too injured to fight recklessly!
You are too injured to fight recklessly!
You are too injured to fight recklessly!
Aiming: Magic Dart (safe; 1% risk of failure)
Press: ? - help, Q - select action Shift-Dir - straight line, f/p - iguana
Aim: an iguana (heavily wounded, 100% to hit)
The magic dart hits the iguana.
The iguana is severely wounded.
The iguana misses you.
Aiming: Magic Dart (safe; 1% risk of failure)
Press: ? - help, Q - select action Shift-Dir - straight line, f/p - iguana
Aim: an iguana (severely wounded, 100% to hit)
The magic dart hits the iguana.
The iguana is almost dead.
The iguana bites you!
You die...

.... ...# ...# .#
##..#####..
#......... #.......#
#.l.....### #+#
#@.....#.# #.####
#......#.####.....
#......#..........
###(..).....###.#.
#..........)...<
#.........#####.
######.........##....
#..............##.##.
#.####.........## ..


You could see an iguana.

Vanquished Creatures
  An ogre (D:4)
  A water moccasin skeleton (D:3)
  5 adders
  A worm (D:4)
  4 dart slugs
  8 endoplasms
  A giant cockroach (D:2)
  4 goblins (D:1)
  6 hobgoblins
  4 jackals (D:3)
  3 quokkas (D:1)
  5 ball pythons
  3 bats
  2 frilled lizards
  6 kobolds
  5 rats (D:1)
59 creatures vanquished.

Vanquished Creatures (others)
  15 fungi (D:4)
15 creatures vanquished.

Grand Total: 74 creatures vanquished

Notes
Turn   | Place    | Note
-------+----------+-------------------------------------------
     0 | D:1      | moldycheese5 the Deep Elf Conjurer began the quest for the
                  | Orb.
     0 | D:1      | Reached XP level 1. HP: 10/10 MP: 6/6
   164 | D:1      | Reached XP level 2. HP: 15/15 MP: 5/8
   345 | D:1      | Reached skill level 5 in Conjurations
   667 | D:1      | Reached XP level 3. HP: 19/19 MP: 5/9
   963 | D:1      | Found a faded altar of an unknown god.
  1612 | D:2      | Reached XP level 4. HP: 15/24 MP: 6/11
  2643 | D:3      | Reached skill level 6 in Conjurations
  2784 | D:3      | Reached XP level 5. HP: 28/28 MP: 11/13
  2926 | D:3      | Got the Papyrus of Attacks
  3001 | D:3      | Found a white marble altar of Elyvilon.
  3056 | D:3      | Found Tuibaj's Jewellery Boutique.
  3411 | D:4      | Noticed an ogre
  3422 | D:4      | Killed an ogre
  3477 | D:4      | Slain by an iguana

Illustrated notes

Levels and vault maps discovered:
D:1:      sevenhm_arrival_forest_fort_small_3, layout_loops_cross,
          hellmonk_ecumenical_altar_lost_god, minmay_ruptured
D:2:      layout_loops_ring, patterned_corridor
D:3:      layout_rooms, mainiacjoe_overflow_alcove_4, serial_shops,
          nicolae_square_shop
D:4:      layout_basic, minmay_temple_entry_butterflies, serial_aquarium,
          aquarium_bridge_square [aquarium_subvault_window,
          aquarium_subvault_bridge, aquarium_subvault_wall,
          aquarium_subvault_window], aquarium_window_corner,
          aquarium_window_corner, aquarium_window_fake,
          aquarium_window_corridor_3, aquarium_view_2a, aquarium_pool_five,
          hangedman_glass_teeth

Skill      XL: |  1  2  3  4 |
---------------+-------------+-----
Conjurations   | 5 6 |  6.6
Stealth        | 3 |  3.4
Spellcasting   | 4 |  4.8
Fighting       | |  0.3
Dodging        | |  2.7

Action                   |  1- 3 |  4- 6 || total
-------------------------+-------+-------++-------
 Cast: Magic Dart        |    74 |    70 ||   144
Armor: Robe              |       |     1 ||     1
Dodge: Dodged            |     2 |    11 ||    13
